 Dungeon Crawl Stone Soup version 0.15-a0-1968-gb423ccb (webtiles) character file.

242 plsno the Spear-Bearer (level 6, -1/44 HPs)
             Began as a Merfolk Gladiator on July 9, 2014.
             Slain by an orc wizard
             ... wielding a +1 dagger of distortion
              (6 damage)
             ... on Level 3 of the Dungeon on July 10, 2014.
             The game lasted 00:06:41 (2322 turns).

plsno the Spear-Bearer (Merfolk Gladiator)          Turns: 2322, Time: 00:06:42

HP  -1/44        AC  5     Str 15      XL: 6   Next:  9%
MP   6/6         EV 14     Int 14      God:
Gold 146         SH  0     Dex 15      Spells:  0 memorised,  5 levels left

rFire  . . .     SeeInvis .     a - +1 trident
rCold  . . .     Clarity  .     b - +0 leather armour
rNeg   . . .     rCorr    .     (no shield)
rPois  .         rRot     .     h - +1 hat
rElec  .         Spirit   .     (no cloak)
SustAb .         Warding  .     (no gloves)
rMut   .         Stasis   .     n - +0 pair of boots
Gourm  +                        o - amulet of the gourmand
MR     .....                    (no ring)
                                (no ring)

@: brilliant, lethally poisoned, very slightly contaminated, not resistant to
hostile enchantments, very unstealthy
A: change form in water, swift swim
a: no special abilities


You were on level 3 of the Dungeon.
You were hungry.

You visited 1 branch of the dungeon, and saw 4 of its levels.

You collected 146 gold pieces.

Inventory:

Hand weapons
 a - a +1 trident (weapon)
Missiles
 d - 3 throwing nets (quivered)
 q - 11 poisoned needles
Armour
 b - a +0 leather armour (worn)
 h - a +1 hat (worn)
 n - a +0 pair of boots (worn)
Comestibles
 f - 2 bread rations
 j - a beef jerky
 s - a meat ration
Scrolls
 c - a scroll of fog {unknown}
 e - 2 scrolls of enchant weapon
 g - 2 scrolls of blinking
 l - a scroll of identify {unknown}
 m - a scroll of teleportation {unknown}
Jewellery
 o - an amulet of the gourmand (around neck)
 p - an uncursed ring of ice
Potions
 i - a potion of brilliance
 r - a potion of degeneration {unknown}
Books
 t - a book of the Dragon

   Spells                             Type                      Level
   Flight                             Charms/Air                   3
   Cause Fear                         Hexes                        4
   Bolt of Fire                       Conjuration/Fire             6
   Dragon Form                        Transmutation                7
   Dragon's Call                      Summoning                    9


   Skills:
 - Level 2.1 Fighting
 * Level 8.2 Polearms
 - Level 2.0 Throwing
 + Level 5.9 Dodging


You had 5 spell levels left.
You didn't know any spells.

Dungeon Overview and Level Annotations

Branches:
Dungeon (4/15)
 Temple: D:4-7

Altars:

Annotations:
D:3 bmfx's ghost, average MfTm


Message History

There is a stone staircase leading down here.
Drink which item? (? for menu, Esc to quit)
You feel clever all of a sudden.
It was a potion of brilliance.
The orc wizard gestures at you while chanting.
The magic dart hits you!
* * * LOW HITPOINT WARNING * * *
The adder misses you. The orc wizard barely misses you. The orc misses you.
The adder closely misses you.
You hit the adder.
You kill the adder!
The orc wizard misses you.
The orc wizard points at you and mumbles some strange words.
The magic dart hits you!
* * * LOW HITPOINT WARNING * * *
The orc hits you with a club.
* * * LOW HITPOINT WARNING * * *
The orc wizard hits you but does no damage.
Space bends around you.
You die...

### ... #.#
..# #r# #.#
.
#o####.....
#>@........
#o##.######
#o# # ...
##.. #...
#.## #.#
#.#


You could see an orc wizard, 2 orcs and a rat.

Vanquished Creatures
  A phantom (D:4)
  A hound (D:4)
  8 adders
  A gnoll (D:1)
  2 giant cockroaches
  6 hobgoblins
  6 kobolds
  8 bats
  11 giant newts
  8 goblins
  4 rats
56 creatures vanquished.

Notes
Turn   | Place    | Note
--------------------------------------------------------------
     0 | D:1      | plsno, the Merfolk Gladiator, began the quest for the Orb.
     0 | D:1      | Reached XP level 1. HP: 16/16 MP: 1/1
    48 | D:1      | Reached skill level 5 in Polearms
    48 | D:1      | Reached XP level 2. HP: 20/22 MP: 2/2
   364 | D:1      | Reached XP level 3. HP: 19/27 MP: 3/3
   456 | D:1      | Upgraded the game from 0.15-a0-1950-gbc841a2 to 0.15-a0-1968-gb423ccb
   580 | D:1      | Reached skill level 6 in Polearms
   937 | D:2      | Reached XP level 4. HP: 33/33 MP: 4/4
  1374 | D:2      | Reached skill level 5 in Dodging
  1777 | D:2      | Reached skill level 7 in Polearms
  1971 | D:3      | Reached XP level 5. HP: 33/38 MP: 5/5
  2052 | D:3      | Noticed bmfx's ghost (average MfTm)
  2121 | D:4      | Noticed a phantom
  2245 | D:4      | Killed a phantom
  2245 | D:4      | Reached skill level 8 in Polearms
  2245 | D:4      | Reached XP level 6. HP: 40/44 MP: 6/6
  2322 | D:3      | Slain by an orc wizard

Action                   |  1- 3 |  4- 6 || total
-------------------------+-------+-------++-------
Melee: Trident           |    88 |   128 ||   216
  Use: Scroll            |       |     2 ||     2
       Potion            |       |     2 ||     2
  Eat: Chunk             |       |     4 ||     4
